 Dungeon Crawl Stone Soup version 0.30-a0-626-gd6a5dd7a1f (webtiles) character file.

Game seed: 5696478616714968966

35 Dartaoz the Ruffian (level 3, 36/36 HPs)
             Began as a Troll Fighter on Jan 11, 2023.
             Quit the game on level 2 of the Dungeon.
             The game lasted 00:04:21 (687 turns).

Dartaoz the Ruffian (Troll Fighter)                  Turns: 687, Time: 00:04:22

Health: 36/36      AC:  4    Str: 26    XL:     3   Next: 17%
Magic:  2/2        EV:  8    Int:  4    God:
Gold:   64         SH:  7    Dex:  9    Spells: 2/2 levels left

rFire   . . .      SeeInvis .      - Unarmed
rCold   . . .      Faith    .    b - +0 kite shield
rNeg    . . .      Spirit   .    a - +0 robe
rPois   .          Reflect  .    (helmet restricted)
rElec   .          Harm     .    (no cloak)
rCorr   .          Rampage  .    (gloves unavailable)
Will    .....                    (boots unavailable)
Stlth   +                        (no amulet)
HPRegen 1.06/turn                (no ring)
MPRegen 0.08/turn                (no ring)

@: no status effects
A: large, unfitting armour, claws 3, regeneration 1, shaggy fur 1, tough skin 1
a: no special abilities


You were on level 2 of the Dungeon.
You visited 1 branch of the dungeon, and saw 2 of its levels.

You collected 64 gold pieces.

Inventory:

Missiles
 d - 3 poisoned darts (quivered)
Armour
 a - a +0 robe (worn)
 b - a +0 kite shield (worn)
Scrolls
 f - a scroll of immolation {unknown}
 g - a scroll of identify {unknown}
 k - a scroll of fog {unknown}
Potions
 c - 2 potions of might
 e - 2 potions of attraction {unknown}
 h - a potion of haste {unknown}
 i - a potion of heal wounds {unknown}
 j - 2 potions of berserk rage {unknown}
 l - a potion of degeneration {unknown}


   Skills:
 - Level 2.4 Fighting
 - Level 2.4 Dodging
 - Level 2.6 Shields
 + Level 3.7 Unarmed Combat


You had 2 spell levels left.
You didn't know any spells.
Your spell library was empty.

Dungeon Overview and Level Annotations

Branches:
Dungeon (2/15)

Altars:

Shops:
D:1 =


Innate Abilities, Weirdness & Mutations

You are too large for most types of armour.
You have claws for hands.
Your natural rate of healing is unusually fast.
You are covered in fur. (AC +1)
You have tough skin. (AC +1)


Message History

The kobold is moderately wounded.
The kobold hits you but does no damage.
You mangle the kobold!!
You kill the kobold!
The frilled lizard bites you but does no damage.
You miss the frilled lizard.
The frilled lizard bites you but does no damage.
You closely miss the frilled lizard. You block the frilled lizard's attack.
You barely miss the frilled lizard. The frilled lizard barely misses you.
You barely miss the frilled lizard.
The frilled lizard bites you but does no damage.
You closely miss the frilled lizard. The frilled lizard bites you.
You miss the frilled lizard.
The frilled lizard bites you but does no damage.
The frilled lizard barely misses you.
You closely miss the frilled lizard. The frilled lizard bites you.
You miss the frilled lizard.
The frilled lizard bites you but does no damage.
You claw the frilled lizard!
You kill the frilled lizard!
No target in view!
You now have 64 gold pieces (gained 11).
There is an entrance to Fymaacva's Jewellery Boutique here.
You can access your shopping list by pressing '$'.
k - a scroll labelled REDIACW ZILI
There is an entrance to Fymaacva's Jewellery Boutique here.
There is an entrance to Fymaacva's Jewellery Boutique here.
There is an open door here.
There is an open door here.
You see here a bat skeleton.
l - a metallic silvery potion
There is an open door here.
There is an open door here.
Done exploring.
There is a stone staircase leading down here.
You climb downwards.
Found a book of Vapours, a ring mail and 5 stones.
Found a stone staircase leading up.
There is a stone staircase leading up here.
Are you sure you want to abandon this character and quit the game? (Confirm with "yes".)

.### .. ...~ .
..~~~ .# ##
..~.~#####.#...
..P~~....<.....
#.............
#..........:
#...@.......
#...........
#...........
#.####......
... ...... ...
.....[ (..
....# ... ..#..


There were no monsters in sight!

Vanquished Creatures
  2 dart slugs (D:1)
  4 ball pythons (D:1)
  4 bats (D:1)
  2 endoplasms (D:1)
  A giant cockroach (D:1)
  3 goblins (D:1)
  A hobgoblin (D:1)
  2 jackals (D:1)
  3 quokkas (D:1)
  2 frilled lizards (D:1)
  3 kobolds (D:1)
  A rat (D:1)
28 creatures vanquished.

Notes
Turn   | Place    | Note
-------+----------+-------------------------------------------
     0 | D:1      | Dartaoz the Troll Fighter began the quest for the Orb.
     0 | D:1      | Reached XP level 1. HP: 22/22 MP: 0/0
    52 | D:1      | Reached XP level 2. HP: 29/29 MP: 1/1
   105 | D:1      | Reached skill level 3 in Unarmed Combat
   262 | D:1      | Reached XP level 3. HP: 36/36 MP: 2/2
   353 | D:1      | Found Fymaacva's Jewellery Boutique.
   687 | D:2      | Quit the game

Illustrated notes

Levels and vault maps discovered:
D:1:      psy_arrival_basics, layout_basic, serial_shops, shop
D:2:      layout_rooms, nrook_mini_backslash, serial_bayou_pond_e,
          minmay_misc_feat_x, serial_bayou_pond_a

Skill      XL: |  1  2 |
---------------+-------+-----
Unarmed Combat | 3 |  3.7
Fighting       | |  2.4
Dodging        | |  2.4
Shields        | |  2.6

Action                   || total
-------------------------++-------
Melee: Unarmed           ||    88
Armor: Robe              ||    21
Dodge: Dodged            ||    25
Block: Kite shield       ||    24

Table legend: (Time is in decaauts)
 A = Elapsed time spent in this place.
 B = Non-inter-level travel time spent in this place.
 C = Inter-level travel time spent in this place.
 D = Time resting spent in this place.
 E = Time spent auto-exploring this place.
 F = Levels seen in this place.
 G = Mean time per level.
                   A        B        C        D        E       F      G
               +--------+--------+--------+--------+--------+-----+--------+
         Total |    693 |    657 |     36 |      0 |    480 |   2 |  346.5 |
       Dungeon |    693 |    657 |     36 |      0 |    480 |   2 |  346.5 |
               +--------+--------+--------+--------+--------+-----+--------+

Top non-repeatable levels by time:
     D:1: 692 daAuts
     D:2: 0 daAuts
